Wild vs Jets (R2)

Created - 9 juin 2013 at 21:29

Goals
1 2 3 T
Wild 0 0 0 0
Jets 0 3 1 4
Shots
1 2 3 T
Wild 15 4 9 28
Jets 5 14 8 27

1st period

No Goal

Penalties :
Adam Burish (Win) for Tripping (Minor) at 5:41, Dmitri Kalinin (Win) for Tripping (Minor) at 11:41, Adam Burish (Win) for Roughing (Minor) at 17:34

2nd period

1. Jets , Mike Leclerc 1 (Tuomo Ruutu, David Vyborny) at 2:50
2. Jets , Niklas Kronwall 2 (Karlis Skrastins, Shane Doan) at 6:17 (PP)
3. Jets , Jussi Jokinen 1 (Nikolai Zherdev) at 12:32

Penalties :
Dmitri Kalinin (Win) for Slashing (Minor) at 0:17, Alexander Perezhogin (Min) for High sticking (Minor) at 0:17, Jozef Stumpel (Min) for Tripping (Minor) at 3:52, Fedor Tyutin (Min) for Hooking (Minor) at 4:37, Jozef Stumpel (Min) for Holding (Minor) at 6:59, Anson Carter (Min) for Hooking (Minor) at 13:08

3rd period

4. Jets , Jason Arnott 8 (Bryce Salvador) at 8:26

Penalties :
Jason Arnott (Win) for Fighting (Major) at 2:43, Nathan Dempsey (Min) for Fighting (Major) at 2:43, Keith Tkachuk (Win) for Holding (Minor) at 5:52, Pavel Kubina (Win) for Fighting (Major) at 8:36, Nathan Dempsey (Min) for Fighting (Major) at 8:36, Shane Doan (Win) for Fighting (Major) at 9:35, Niclas Wallin (Min) for Fighting (Major) at 9:35, Alexander Perezhogin (Min) for High sticking (Double Minor) at 9:40, Jason Allison (Win) for Hooking (Minor) at 18:31

Goalie Stats

Martin Brodeur (Min), 23 saves from 27 shots - (0,852), L, 9-6-0, 60:00 minutes
Ilya Bryzgalov (Win), 28 saves from 28 shots - (1,000), W, 6-1-1, 60:00 minutes

Players Stats for Wild

Player Name              G  A  P  +/- PIM S  H  SB GA TA FO     MP     PP MP  PK MP  
------------------------------------------------------------------------------------
Adam Deadmarsh           0  0  0  -1  0   1  1  0  0  0  0/0    10:36   3:25   0:57 
Alexander Perezhogin     0  0  0  -1  6   3  0  0  0  0  0/1    19:24   5:38   0:00 
Anson Carter             0  0  0  -1  2   1  2  1  1  0  1/2    11:25   0:21   0:00 
Bret Hedican             0  0  0  -1  0   2  1  0  0  0  0/0    22:38   5:00   2:06 
Brian Rolston            0  0  0   0  0   0  1  0  0  0  0/0    13:03   0:00   5:14 
Chris Drury              0  0  0  -1  0   1  3  0  0  0  16/26  21:47   5:41   2:03 
Chris Higgins            0  0  0   0  0   2  2  0  0  0  0/0    12:24   0:19   3:03 
Danil Markov             0  0  0  -1  0   1  1  2  0  0  0/0    16:44   0:00   5:56 
Fedor Tyutin             0  0  0  -1  2   0  1  1  0  0  0/0    19:40   4:24   3:19 
Fredrik Modin            0  0  0  -1  0   1  1  0  0  1  0/0     7:11   0:00   1:11 
Jozef Stumpel            0  0  0  -1  4   5  2  1  0  0  2/3    19:00   6:02   1:18 
Mike Green               0  0  0  -1  0   2  1  2  1  0  0/0    23:37   5:00   1:32 
Mike Ricci               0  0  0  -1  0   1  0  0  0  0  0/4     8:13   0:21   0:42 
Nathan Dempsey           0  0  0  -1  10  2  2  3  0  0  0/0    17:58   0:00   4:16 
Niclas Wallin            0  0  0  -1  5   0  4  1  1  0  0/0    17:37   4:24   2:41 
R.J. Umberger            0  0  0  -1  0   3  2  0  0  0  2/3    16:58   3:03   0:00 
Rod Brind'Amour          0  0  0   0  0   2  1  1  0  0  8/12   13:48   0:00   5:59 
Vaclav Prospal           0  0  0  -1  0   1  1  0  1  0  8/13   14:17   3:22   0:00 

Players Stats for Jets

Player Name              G  A  P  +/- PIM S  H  SB GA TA FO     MP     PP MP  PK MP  
------------------------------------------------------------------------------------
Adam Burish              0  0  0   1  4   0  3  0  0  0  0/2    13:30   1:36   0:54 
Benoit Pouliot           0  0  0   0  0   2  1  0  0  1  0/0    18:47   5:22   1:07 
Bryce Salvador           0  1  1   1  0   1  4  3  0  1  0/0    23:47   1:47   5:35 
Colin White              0  0  0   1  0   0  1  1  0  0  0/0    17:28   1:06   3:49 
David Vyborny            0  1  1   1  0   0  1  0  0  0  0/0     8:37   1:04   0:00 
Dmitri Kalinin           0  0  0   2  4   2  4  2  0  0  0/0    26:18   5:48   4:13 
Jason Allison            0  0  0   0  2   2  1  0  1  1  8/25   18:30   5:22   1:12 
Jason Arnott             1  0  1   1  5   2  1  2  0  0  9/21   18:16   3:57   4:46 
Jussi Jokinen            1  0  1   1  0   4  0  0  0  0  2/3    11:35   1:11   0:08 
Karlis Skrastins         0  1  1   0  0   1  1  0  0  0  0/0    19:11   3:55   3:49 
Keith Tkachuk            0  0  0   0  2   0  2  0  0  0  0/0    16:49   3:49   2:24 
Kyle Wellwood            0  0  0   1  0   3  2  0  0  0  4/6     9:49   1:03   0:17 
Mike Leclerc             1  0  1   2  0   2  2  0  0  0  0/0    14:31   0:17   5:45 
Niklas Kronwall          1  0  1   0  0   3  1  0  0  1  0/0    14:38   3:50   0:00 
Nikolai Zherdev          0  1  1   1  0   1  1  0  0  0  1/1    12:10   3:54   0:00 
Pavel Kubina             0  0  0   2  5   0  1  0  0  0  0/0    18:35   4:01   1:22 
Shane Doan               0  1  1   0  5   3  1  1  0  0  0/1    15:32   3:48   0:00 
Tuomo Ruutu              0  1  1   1  0   1  0  0  0  0  3/5    10:34   0:00   2:24 

3 Stars

1 - Ilya Bryzgalov (Win)
2 - Mike Leclerc (Win)
3 - Bryce Salvador (Win)

Power Play

Wild - 0 on 5 Attempt(s) - 0,00%
Jets - 1 on 6 Attempt(s) - 16,67%

Penalty Kill

Wild - 5 on 6 Attempt(s) - 83,33% - Score 0 goal in Penalty Kill
Jets - 5 on 5 Attempt(s) - 100,00% - Score 0 goal in Penalty Kill

Official

Referees : Jackson Dave and Meier Brad
Linesman : Lonnie Cameron and Steve Miller

Game Notes

2:40 of 2nd period - Jets goal is going for a video replay. After video review, No Goal. The net was displaced accidentally.
Jason Arnott beats up Nathan Dempsey at 2:43 of 3rd period
Pavel Kubina beats up Nathan Dempsey at 8:36 of 3rd period
Niclas Wallin beats up Shane Doan at 9:35 of 3rd period

Finance

Level 1 -- Attendance: 6000 (100,00%) -- Ticket Income 552 000 $
Level 2 -- Attendance: 5000 (100,00%) -- Ticket Income 280 000 $
Level 3 -- Attendance: 2000 (100,00%) -- Ticket Income 66 000 $
Level 4 -- Attendance: 4000 (100,00%) -- Ticket Income 88 000 $
Luxury Box -- Attendance: 1000 (100,00%) -- Ticket Income 173 000 $
Game was played at the MTS Center
Total Attendance: 18000 (100,00%)
Total Ticket Income: 1 159 000 $
Other Income: 57 950 $
Total Income: 1 216 950 $

Wild

5 vs 5 Forward 
   Center                   Left Wing                Right Wing               Time % Phy DF OF 
 1 Chris Drury              R.J. Umberger            Alexander Perezhogin     40     1   0  4  
 2 Vaclav Prospal           Jozef Stumpel            Anson Carter             30     0   1  4  
 3 Rod Brind'Amour          Chris Higgins            Brian Rolston            20     1   1  3  
 4 Mike Ricci               Fredrik Modin            Adam Deadmarsh           10     2   2  1  

5 vs 5 Defense 
   Defense                  Defense                                           Time % Phy DF OF 
 1 Mike Green               Nathan Dempsey                                    40     1   3  1  
 2 Fedor Tyutin             Bret Hedican                                      30     1   3  1  
 3 Niclas Wallin            Danil Markov                                      20     1   3  1  
 4 Mike Green               Bret Hedican                                      10     1   3  1  

PowerPlay Forward 
   Center                   Left Wing                Right Wing               Time % Phy DF OF 
 1 Chris Drury              Jozef Stumpel            Alexander Perezhogin     60     0   1  4  
 2 Vaclav Prospal           R.J. Umberger            Adam Deadmarsh           40     0   1  4  

PowerPlay Defense
   Defense                  Defense                                           Time % Phy DF OF 
 1 Bret Hedican             Mike Green                                        60     0   2  3  
 2 Fedor Tyutin             Niclas Wallin                                     40     0   2  3  

Penalty Kill 4 Players Forward 
   Center                   Wing                     Time % Phy DF OF 
 1 Rod Brind'Amour          Brian Rolston            60     1   3  1  
 2 Jozef Stumpel            Chris Higgins            40     1   3  1  

Penalty Kill 4 Players Defense
   Defense                  Defense                  Time % Phy DF OF 
 1 Danil Markov             Nathan Dempsey           60     2   3  0  
 2 Fedor Tyutin             Niclas Wallin            40     2   3  0  

Penalty Kill - 3 Players Forward 
   Forward                                           Time % Phy DF OF 
 1 Rod Brind'Amour                                   60     1   4  0  
 2 Brian Rolston                                     40     1   4  0  

Penalty Kill - 3 Players Defense
   Defense                  Defense                  Time % Phy DF OF 
 1 Danil Markov             Nathan Dempsey           60     2   3  0  
 2 Fedor Tyutin             Niclas Wallin            40     2   3  0  

4 vs 4 Forward 
   Center                   Wing                     Time % Phy DF OF 
 1 R.J. Umberger            Chris Drury              60     1   1  3  
 2 Jozef Stumpel            Vaclav Prospal           40     1   1  3  

4 vs 4 Defense
   Defense                  Defense                  Time % Phy DF OF 
 1 Bret Hedican             Mike Green               60     1   3  1  
 2 Fedor Tyutin             Nathan Dempsey           40     1   3  1  

Last Minutes Offensive
   Center                   Left Wing                Right Wing               Defense                  Defense                  
   Chris Drury              Jozef Stumpel            Alexander Perezhogin     Bret Hedican             Nathan Dempsey           

Last Minutes Defensive
   Center                   Left Wing                Right Wing               Defense                  Defense                  
   Rod Brind'Amour          Mike Ricci               Brian Rolston            Danil Markov             Niclas Wallin            

Goaltenders
Starting : Martin Brodeur           
Backup : Jamie Storr              

Extra Forwards
Normal : Chris Drury, Alexander Perezhogin, Jozef Stumpel - PP : Chris Drury, Alexander Perezhogin - PK : Rod Brind'Amour
Extra Defensemen
Normal : Mike Green, Nathan Dempsey, Bret Hedican - PP : Mike Green - PK : Nathan Dempsey, Danil Markov
Penalty Shots
Alexander Perezhogin, Chris Drury, Jozef Stumpel, Vaclav Prospal, Mike Ricci

Jets

5 vs 5 Forward 
   Center                   Left Wing                Right Wing               Time % Phy DF OF 
 1 Jason Allison            Benoit Pouliot           Shane Doan               38     1   1  3  
 2 Jason Arnott             Keith Tkachuk            Adam Burish              32     1   1  3  
 3 Kyle Wellwood            Jussi Jokinen            Nikolai Zherdev          20     1   1  3  
 4 Tuomo Ruutu              Mike Leclerc             David Vyborny            10     1   2  2  

5 vs 5 Defense 
   Defense                  Defense                                           Time % Phy DF OF 
 1 Bryce Salvador           Dmitri Kalinin                                    40     2   2  1  
 2 Pavel Kubina             Colin White                                       30     2   2  1  
 3 Niklas Kronwall          Karlis Skrastins                                  20     1   3  1  
 4 Pavel Kubina             Dmitri Kalinin                                    10     2   2  1  

PowerPlay Forward 
   Center                   Left Wing                Right Wing               Time % Phy DF OF 
 1 Jason Allison            Benoit Pouliot           Shane Doan               60     0   0  5  
 2 Jason Arnott             Keith Tkachuk            Nikolai Zherdev          40     0   0  5  

PowerPlay Defense
   Defense                  Defense                                           Time % Phy DF OF 
 1 Dmitri Kalinin           Pavel Kubina                                      60     0   1  4  
 2 Niklas Kronwall          Karlis Skrastins                                  40     0   2  3  

Penalty Kill 4 Players Forward 
   Center                   Wing                     Time % Phy DF OF 
 1 Jason Arnott             Mike Leclerc             60     0   4  1  
 2 Tuomo Ruutu              Keith Tkachuk            40     0   4  1  

Penalty Kill 4 Players Defense
   Defense                  Defense                  Time % Phy DF OF 
 1 Dmitri Kalinin           Bryce Salvador           60     1   4  0  
 2 Colin White              Karlis Skrastins         40     1   4  0  

Penalty Kill - 3 Players Forward 
   Forward                                           Time % Phy DF OF 
 1 Keith Tkachuk                                     60     0   4  1  
 2 Jason Arnott                                      40     0   4  1  

Penalty Kill - 3 Players Defense
   Defense                  Defense                  Time % Phy DF OF 
 1 Dmitri Kalinin           Bryce Salvador           60     1   2  2  
 2 Colin White              Pavel Kubina             40     1   2  2  

4 vs 4 Forward 
   Center                   Wing                     Time % Phy DF OF 
 1 Jason Allison            Shane Doan               60     1   2  2  
 2 Jason Arnott             Benoit Pouliot           40     1   2  2  

4 vs 4 Defense
   Defense                  Defense                  Time % Phy DF OF 
 1 Dmitri Kalinin           Bryce Salvador           60     1   2  2  
 2 Karlis Skrastins         Pavel Kubina             40     1   2  2  

Last Minutes Offensive
   Center                   Left Wing                Right Wing               Defense                  Defense                  
   Jason Allison            Benoit Pouliot           Shane Doan               Pavel Kubina             Dmitri Kalinin           

Last Minutes Defensive
   Center                   Left Wing                Right Wing               Defense                  Defense                  
   Jason Arnott             Adam Burish              Keith Tkachuk            Bryce Salvador           Dmitri Kalinin           

Goaltenders
Starting : Ilya Bryzgalov           
Backup : Maxime Daigneault        

Extra Forwards
Normal : Jussi Jokinen, Benoit Pouliot, Keith Tkachuk - PP : Shane Doan, Benoit Pouliot - PK : Adam Burish
Extra Defensemen
Normal : Pavel Kubina, Dmitri Kalinin, Bryce Salvador - PP : Pavel Kubina - PK : Dmitri Kalinin, Pavel Kubina
Penalty Shots
Jason Arnott, Benoit Pouliot, Keith Tkachuk, Shane Doan, Jason Allison

% Time on Ice - Wild

Lines # - Real PCT - Wanted PCT - Time Play
Normal Forward
1 - 36% - 40% - 13:41
2 - 30% - 30% - 11:19
3 - 19% - 20% - 7:26
4 - 15% - 10% - 5:49
Normal Defense
1 - 41% - 40% - 15:41
2 - 26% - 30% - 9:53
3 - 31% - 20% - 11:46
4 - 2% - 10% - 0:55
PP Forward
1 - 64% - 60% - 6:02
2 - 36% - 40% - 3:22
PP Defense
1 - 53% - 60% - 5:00
2 - 47% - 40% - 4:24
PK Forward
1 - 78% - 60% - 7:10
2 - 22% - 40% - 1:58
PK Defense
1 - 72% - 60% - 6:35
2 - 28% - 40% - 2:33
PK3 Forward
1 - 72% - 60% - 0:53
2 - 28% - 40% - 0:21
PK3 Defense
1 - 59% - 60% - 0:44
2 - 41% - 40% - 0:30
44 Forward
1 - 76% - 60% - 1:31
2 - 24% - 40% - 0:28
44 Defense
1 - 57% - 60% - 1:08
2 - 43% - 40% - 0:51
Last Minute Offensive  - 0:00
Last Minute Defensive  - 0:00
Total
Forward - 60:00
Defense - 60:00

% Time on Ice - Jets

Lines # - Real PCT - Wanted PCT - Time Play
Normal Forward
1 - 34% - 38% - 13:05
2 - 25% - 32% - 9:30
3 - 21% - 20% - 8:03
4 - 20% - 10% - 7:37
Normal Defense
1 - 40% - 40% - 15:22
2 - 30% - 30% - 11:39
3 - 26% - 20% - 10:00
4 - 3% - 10% - 1:14
PP Forward
1 - 65% - 60% - 6:43
2 - 35% - 40% - 3:39
PP Defense
1 - 69% - 60% - 7:11
2 - 31% - 40% - 3:11
PK Forward
1 - 74% - 60% - 7:00
2 - 26% - 40% - 2:24
PK Defense
1 - 59% - 60% - 5:35
2 - 41% - 40% - 3:49
PK3 Forward
1 - 0% - 60%
2 - 0% - 40%
PK3 Defense
1 - 0% - 60%
2 - 0% - 40%
44 Forward
1 - 77% - 60% - 1:32
2 - 23% - 40% - 0:27
44 Defense
1 - 84% - 60% - 1:40
2 - 16% - 40% - 0:19
Last Minute Offensive  - 0:00
Last Minute Defensive  - 0:00
Total
Forward - 60:00
Defense - 60:00

Play by Play

1st period


0:01 of 1st period - Chris Drury wins face-off versus Jason Allison in neutral zone.
0:13 of 1st period - Wrist shot by R.J. Umberger.
0:13 of 1st period - Stopped by Ilya Bryzgalov with a rebound.
0:25 of 1st period - Nathan Dempsey is hit by Keith Tkachuk and loses puck.
0:52 of 1st period - Brian Rolston is hit by Kyle Wellwood and loses puck.
1:02 of 1st period - Icing by Jussi Jokinen.
1:03 of 1st period - Kyle Wellwood wins face-off versus Mike Ricci in Jets zone.
1:08 of 1st period - Niclas Wallin is hit by Mike Leclerc and loses puck.
1:31 of 1st period - Snap shot by Jason Allison.
1:31 of 1st period - Stopped by Martin Brodeur without a rebound.
1:32 of 1st period - R.J. Umberger wins face-off versus Jason Allison in Wild zone.
1:48 of 1st period - Slapshot by Jason Allison.
1:48 of 1st period - Deflect By Shane Doan.
1:48 of 1st period - Stopped by Martin Brodeur with a rebound.
2:24 of 1st period - Snap shot by Rod Brind'Amour.
2:24 of 1st period - Stopped by Ilya Bryzgalov with a rebound.
2:30 of 1st period - Backhand shot by Rod Brind'Amour.
2:30 of 1st period - Shot Blocked by Bryce Salvador.
2:42 of 1st period - Slapshot by Mike Green.
2:42 of 1st period - Shot Misses the Net.
2:44 of 1st period - Slapshot by Mike Ricci.
2:44 of 1st period - Deflect By Fredrik Modin.
2:44 of 1st period - Stopped by Ilya Bryzgalov without a rebound.
2:45 of 1st period - Tuomo Ruutu wins face-off versus Mike Ricci in Jets zone.
3:06 of 1st period - Off-side.
3:07 of 1st period - Chris Drury wins face-off versus Jason Allison in neutral zone.
3:34 of 1st period - Dmitri Kalinin is hit by Jozef Stumpel and loses puck.
3:43 of 1st period - Anson Carter is hit by Adam Burish and loses puck.
3:51 of 1st period - Icing by Danil Markov.
3:52 of 1st period - Kyle Wellwood wins face-off versus Vaclav Prospal in Wild zone.
4:19 of 1st period - Dmitri Kalinin is hit by Niclas Wallin.
4:38 of 1st period - Icing by Vaclav Prospal.
4:39 of 1st period - Vaclav Prospal wins face-off versus Jason Arnott in Wild zone.
5:10 of 1st period - Wrist shot by R.J. Umberger.
5:10 of 1st period - Stopped by Ilya Bryzgalov with a rebound.
5:25 of 1st period - Off-side.
5:26 of 1st period - Rod Brind'Amour wins face-off versus Tuomo Ruutu in neutral zone.
5:37 of 1st period - Slapshot by Mike Green.
5:37 of 1st period - Shot Misses the Net.
5:39 of 1st period - Snap shot by Rod Brind'Amour.
5:39 of 1st period - Stopped by Ilya Bryzgalov without a rebound.
5:40 of 1st period - Jason Arnott wins face-off versus Chris Drury in Jets zone.
5:40 of 1st period - Jason Arnott is hit by Chris Drury.
5:41 of 1st period - Minor Penalty to Adam Burish for Tripping.
5:42 of 1st period - Chris Drury wins face-off versus Jason Arnott in Jets zone.
5:45 of 1st period - Snap shot by Jozef Stumpel.
5:45 of 1st period - Shot Blocked by Jason Arnott.
5:47 of 1st period - Slapshot by Mike Green.
5:47 of 1st period - Shot Blocked by Dmitri Kalinin.
5:49 of 1st period - Slapshot by Mike Green.
5:49 of 1st period - Deflect By Chris Drury.
5:49 of 1st period - Shot Misses the Net.
5:49 of 1st period - Puck is out of play.
5:50 of 1st period - Chris Drury wins face-off versus Jason Arnott in Jets zone.
5:53 of 1st period - Wrist shot by Jozef Stumpel.
5:53 of 1st period - Stopped by Ilya Bryzgalov with a rebound.
5:55 of 1st period - Wrist shot by Bret Hedican.
5:55 of 1st period - Shot Misses the Net.
5:57 of 1st period - Slapshot by Alexander Perezhogin.
5:57 of 1st period - Shot Misses the Net.
5:59 of 1st period - Wrist shot by Chris Drury.
5:59 of 1st period - Shot Blocked by Bryce Salvador.
6:01 of 1st period - Wrist shot by Jozef Stumpel.
6:01 of 1st period - Shot Misses the Net.
6:03 of 1st period - Slapshot by Mike Green.
6:03 of 1st period - Stopped by Ilya Bryzgalov without a rebound.
6:04 of 1st period - Jason Arnott wins face-off versus Jozef Stumpel in Jets zone.
6:21 of 1st period - Icing by Mike Green.
6:22 of 1st period - Chris Drury wins face-off versus Jason Arnott in Wild zone.
6:39 of 1st period - Wrist shot by Jozef Stumpel.
6:39 of 1st period - Stopped by Ilya Bryzgalov with a rebound.
6:41 of 1st period - Slapshot by Mike Green.
6:41 of 1st period - Shot Blocked by Dmitri Kalinin.
6:43 of 1st period - Snap shot by Bret Hedican.
6:43 of 1st period - Stopped by Ilya Bryzgalov with a rebound.
6:45 of 1st period - Wrist shot by Jozef Stumpel.
6:45 of 1st period - Stopped by Ilya Bryzgalov with a rebound.
6:47 of 1st period - Slapshot by Mike Green.
6:47 of 1st period - Stopped by Ilya Bryzgalov without a rebound.
6:48 of 1st period - Vaclav Prospal wins face-off versus Tuomo Ruutu in Jets zone.
7:13 of 1st period - Jason Arnott is hit by Jozef Stumpel and loses puck.
7:41 of 1st period - Penalty to Adam Burish is over, Adam Burish is back on ice.
7:54 of 1st period - Mike Leclerc is hit by Chris Higgins and loses puck.
9:22 of 1st period - Nathan Dempsey is hit by Karlis Skrastins and loses puck.
10:22 of 1st period - Mike Leclerc is hit by Mike Green and loses puck.
10:29 of 1st period - Mike Green is hit by Dmitri Kalinin.
10:39 of 1st period - Karlis Skrastins is hit by Chris Higgins and loses puck.
11:04 of 1st period - Icing by Bret Hedican.
11:05 of 1st period - Tuomo Ruutu wins face-off versus Mike Ricci in Wild zone.
11:14 of 1st period - Snap shot by Mike Leclerc.
11:14 of 1st period - Stopped by Martin Brodeur with a rebound.
11:16 of 1st period - Slapshot by Karlis Skrastins.
11:16 of 1st period - Deflect By Tuomo Ruutu.
11:16 of 1st period - Shot Misses the Net.
11:16 of 1st period - Puck is out of play.
11:17 of 1st period - Chris Drury wins face-off versus Jason Arnott in Wild zone.
11:32 of 1st period - Off-side.
11:33 of 1st period - Chris Drury wins face-off versus Jason Allison in neutral zone.
11:41 of 1st period - Minor Penalty to Dmitri Kalinin for Tripping.
11:42 of 1st period - Jason Arnott wins face-off versus Chris Drury in Jets zone.
11:53 of 1st period - Snap shot by Chris Drury.
11:53 of 1st period - Stopped by Ilya Bryzgalov without a rebound.
11:54 of 1st period - Chris Drury wins face-off versus Jason Arnott in Jets zone.
11:55 of 1st period - Slapshot by Jozef Stumpel.
11:55 of 1st period - Stopped by Ilya Bryzgalov without a rebound.
11:56 of 1st period - Jozef Stumpel wins face-off versus Jason Arnott in Jets zone.
12:33 of 1st period - Snap shot by Vaclav Prospal.
12:33 of 1st period - Shot Blocked by Jason Arnott.
13:27 of 1st period - Icing by Vaclav Prospal.
13:28 of 1st period - Vaclav Prospal wins face-off versus Jason Arnott in Wild zone.
13:41 of 1st period - Penalty to Dmitri Kalinin is over, Dmitri Kalinin is back on ice.
13:57 of 1st period - Wrist shot by Jason Allison.
13:57 of 1st period - Shot Blocked by Rod Brind'Amour.
14:03 of 1st period - Slapshot by Benoit Pouliot.
14:03 of 1st period - Deflect By Shane Doan.
14:03 of 1st period - Shot Blocked by Mike Green.
14:03 of 1st period - Puck is out of play.
14:04 of 1st period - Chris Drury wins face-off versus Kyle Wellwood in Wild zone.
14:13 of 1st period - Snap shot by Jussi Jokinen.
14:13 of 1st period - Shot Misses the Net.
14:38 of 1st period - Snap shot by Mike Green.
14:38 of 1st period - Shot Blocked by Bryce Salvador.
15:00 of 1st period - Wrist shot by Jason Arnott.
15:00 of 1st period - Shot Misses the Net.
15:02 of 1st period - Slapshot by Dmitri Kalinin.
15:02 of 1st period - Stopped by Martin Brodeur with a rebound.
15:04 of 1st period - Wrist shot by Adam Burish.
15:04 of 1st period - Shot Blocked by Fedor Tyutin.
15:14 of 1st period - Pavel Kubina is hit by Adam Deadmarsh and loses puck.
15:19 of 1st period - Wrist shot by Mike Ricci.
15:19 of 1st period - Stopped by Ilya Bryzgalov with a rebound.
15:37 of 1st period - Wrist shot by Jason Allison.
15:37 of 1st period - Shot Misses the Net.
16:18 of 1st period - Vaclav Prospal is hit by Adam Burish.
17:17 of 1st period - Slapshot by Niklas Kronwall.
17:17 of 1st period - Deflect By Vaclav Prospal.
17:17 of 1st period - Stopped by Martin Brodeur with a rebound.
17:34 of 1st period - Minor Penalty to Adam Burish for Roughing.
17:35 of 1st period - Jason Arnott wins face-off versus Chris Drury in Jets zone.
18:15 of 1st period - Bret Hedican is hit by Keith Tkachuk and loses puck.
19:12 of 1st period - Wrist shot by Benoit Pouliot.
19:12 of 1st period - Shot Blocked by Mike Green.
19:34 of 1st period - Penalty to Adam Burish is over, Adam Burish is back on ice.
19:45 of 1st period - Wrist shot by Chris Higgins.
19:45 of 1st period - Stopped by Ilya Bryzgalov with a rebound.
19:55 of 1st period - Colin White is hit by Fredrik Modin.

2nd period


0:01 of 2nd period - Chris Drury wins face-off versus Jason Allison in neutral zone.
0:17 of 2nd period - Minor Penalty to Dmitri Kalinin for Slashing.
0:17 of 2nd period - Minor Penalty to Alexander Perezhogin for High sticking.
0:18 of 2nd period - Jason Allison wins face-off versus R.J. Umberger in Wild zone.
2:17 of 2nd period - Penalty to Dmitri Kalinin is over, Dmitri Kalinin is back on ice.
2:17 of 2nd period - Penalty to Alexander Perezhogin is over, Alexander Perezhogin is back on ice.
2:36 of 2nd period - Snap shot by Dmitri Kalinin.
2:36 of 2nd period - Shot Misses the Net.
2:38 of 2nd period - Snap shot by Keith Tkachuk.
2:38 of 2nd period - Shot Misses the Net.
2:40 of 2nd period - Snap shot by Dmitri Kalinin.
2:40 of 2nd period - Jets goal is going for a video replay.
2:40 of 2nd period - The goal is refused. The net was displaced accidentally..
2:41 of 2nd period - Tuomo Ruutu wins face-off versus Vaclav Prospal in Wild zone.
2:48 of 2nd period - Wrist shot by Tuomo Ruutu.
2:48 of 2nd period - Stopped by Martin Brodeur with a rebound.
2:50 of 2nd period - Snap shot by Mike Leclerc.
2:50 of 2nd period - Goal by Mike Leclerc - Wild : 0 - Jets : 1.
2:51 of 2nd period - Jason Arnott wins face-off versus Chris Drury in neutral zone.
2:54 of 2nd period - Wrist shot by Jason Arnott.
2:54 of 2nd period - Shot Blocked by Nathan Dempsey.
3:16 of 2nd period - Dmitri Kalinin is hit by Nathan Dempsey and loses puck.
3:41 of 2nd period - Slapshot by Jussi Jokinen.
3:41 of 2nd period - Stopped by Martin Brodeur without a rebound.
3:42 of 2nd period - Kyle Wellwood wins face-off versus Vaclav Prospal in Wild zone.
3:47 of 2nd period - Snap shot by Jussi Jokinen.
3:47 of 2nd period - Stopped by Martin Brodeur with a rebound.
3:52 of 2nd period - Minor Penalty to Jozef Stumpel for Tripping.
3:53 of 2nd period - Rod Brind'Amour wins face-off versus Jason Allison in Wild zone.
3:53 of 2nd period - Rod Brind'Amour is hit by Jason Allison.
4:07 of 2nd period - Slapshot by Nathan Dempsey.
4:07 of 2nd period - Stopped by Ilya Bryzgalov with a rebound.
4:37 of 2nd period - Minor Penalty to Fedor Tyutin for Hooking.
4:38 of 2nd period - Jason Allison wins face-off versus Rod Brind'Amour in Wild zone.
4:39 of 2nd period - Snap shot by Shane Doan.
4:39 of 2nd period - Stopped by Martin Brodeur with a rebound.
4:41 of 2nd period - Snap shot by Benoit Pouliot.
4:41 of 2nd period - Shot Blocked by Nathan Dempsey.
4:45 of 2nd period - Snap shot by Shane Doan.
4:45 of 2nd period - Shot Blocked by Danil Markov.
4:47 of 2nd period - Slapshot by Karlis Skrastins.
4:47 of 2nd period - Shot Misses the Net.
4:49 of 2nd period - Snap shot by Shane Doan.
4:49 of 2nd period - Shot Blocked by Danil Markov.
4:51 of 2nd period - Wrist shot by Benoit Pouliot.
4:51 of 2nd period - Stopped by Martin Brodeur with a rebound.
5:09 of 2nd period - Snap shot by Jason Arnott.
5:09 of 2nd period - Deflect By Keith Tkachuk.
5:09 of 2nd period - Shot Misses the Net.
5:09 of 2nd period - Puck is out of play.
5:10 of 2nd period - Rod Brind'Amour wins face-off versus Jason Arnott in Wild zone.
5:37 of 2nd period - Snap shot by Nikolai Zherdev.
5:37 of 2nd period - Stopped by Martin Brodeur with a rebound.
5:39 of 2nd period - Slapshot by Dmitri Kalinin.
5:39 of 2nd period - Deflect By Jason Arnott.
5:39 of 2nd period - Shot Misses the Net.
5:39 of 2nd period - Puck is out of play.
5:40 of 2nd period - Jason Allison wins face-off versus Rod Brind'Amour in Wild zone.
5:45 of 2nd period - Wrist shot by Benoit Pouliot.
5:45 of 2nd period - Stopped by Martin Brodeur with a rebound.
5:47 of 2nd period - Snap shot by Karlis Skrastins.
5:47 of 2nd period - Deflect By Benoit Pouliot.
5:47 of 2nd period - Shot Misses the Net.
5:47 of 2nd period - Puck is out of play.
5:48 of 2nd period - Rod Brind'Amour wins face-off versus Jason Allison in Wild zone.
5:52 of 2nd period - Penalty to Jozef Stumpel is over, Jozef Stumpel is back on ice.
6:13 of 2nd period - Snap shot by Niklas Kronwall.
6:13 of 2nd period - Stopped by Martin Brodeur with a rebound.
6:15 of 2nd period - Wrist shot by Karlis Skrastins.
6:15 of 2nd period - Stopped by Martin Brodeur with a rebound.
6:17 of 2nd period - Snap shot by Niklas Kronwall.
6:17 of 2nd period - Goal by Niklas Kronwall - Wild : 0 - Jets : 2.
6:18 of 2nd period - R.J. Umberger wins face-off versus Jason Arnott in neutral zone.
6:52 of 2nd period - Icing by Jussi Jokinen.
6:53 of 2nd period - Vaclav Prospal wins face-off versus Kyle Wellwood in Jets zone.
6:54 of 2nd period - Wrist shot by Anson Carter.
6:54 of 2nd period - Stopped by Ilya Bryzgalov with a rebound.
6:59 of 2nd period - Minor Penalty to Jozef Stumpel for Holding.
7:00 of 2nd period - Jason Allison wins face-off versus Rod Brind'Amour in Wild zone.
7:35 of 2nd period - Slapshot by Keith Tkachuk.
7:35 of 2nd period - Shot Misses the Net.
8:59 of 2nd period - Penalty to Jozef Stumpel is over, Jozef Stumpel is back on ice.
9:05 of 2nd period - Mike Green is hit by Adam Burish and loses puck.
9:15 of 2nd period - Bret Hedican is hit by Bryce Salvador.
9:17 of 2nd period - Snap shot by Jozef Stumpel.
9:17 of 2nd period - Shot Misses the Net.
9:29 of 2nd period - Slapshot by Mike Ricci.
9:29 of 2nd period - Shot Misses the Net.
9:49 of 2nd period - Colin White is hit by Chris Drury and loses puck.
10:02 of 2nd period - Vaclav Prospal is hit by Kyle Wellwood and loses puck.
10:55 of 2nd period - Vaclav Prospal is hit by Mike Leclerc.
12:09 of 2nd period - Alexander Perezhogin is hit by Colin White and loses puck.
12:18 of 2nd period - Jussi Jokinen is hit by Fedor Tyutin and loses puck.
12:32 of 2nd period - Wrist shot by Jussi Jokinen.
12:32 of 2nd period - Goal by Jussi Jokinen - Wild : 0 - Jets : 3.
12:33 of 2nd period - Vaclav Prospal wins face-off versus Jason Allison in neutral zone.
12:38 of 2nd period - Snap shot by Anson Carter.
12:38 of 2nd period - Shot Misses the Net.
12:40 of 2nd period - Slapshot by Nathan Dempsey.
12:40 of 2nd period - Shot Misses the Net.
12:42 of 2nd period - Slapshot by Nathan Dempsey.
12:42 of 2nd period - Stopped by Ilya Bryzgalov without a rebound.
12:43 of 2nd period - Jason Allison wins face-off versus Vaclav Prospal in Jets zone.
12:43 of 2nd period - Jason Allison is hit by Nathan Dempsey.
12:46 of 2nd period - Shane Doan is hit by Vaclav Prospal and loses puck.
13:08 of 2nd period - Minor Penalty to Anson Carter for Hooking.
13:09 of 2nd period - Rod Brind'Amour wins face-off versus Shane Doan in Wild zone.
13:15 of 2nd period - Icing by Benoit Pouliot.
13:16 of 2nd period - Rod Brind'Amour wins face-off versus Jason Allison in Jets zone.
13:28 of 2nd period - Icing by Shane Doan.
13:29 of 2nd period - Rod Brind'Amour wins face-off versus Jason Allison in Jets zone.
14:37 of 2nd period - Snap shot by Shane Doan.
14:37 of 2nd period - Shot Misses the Net.
14:39 of 2nd period - Snap shot by Shane Doan.
14:39 of 2nd period - Shot Blocked by Niclas Wallin.
14:41 of 2nd period - Backhand shot by Shane Doan.
14:41 of 2nd period - Stopped by Martin Brodeur without a rebound.
14:42 of 2nd period - Jozef Stumpel wins face-off versus Jason Arnott in Wild zone.
15:08 of 2nd period - Penalty to Anson Carter is over, Anson Carter is back on ice.
15:19 of 2nd period - Rod Brind'Amour is hit by Bryce Salvador and loses puck.
15:40 of 2nd period - Snap shot by Chris Drury.
15:40 of 2nd period - Shot Misses the Net.
16:11 of 2nd period - David Vyborny is hit by Anson Carter and loses puck.
16:31 of 2nd period - Nikolai Zherdev is hit by R.J. Umberger and loses puck.
18:03 of 2nd period - Mike Ricci is hit by Bryce Salvador and loses puck.
18:24 of 2nd period - Fedor Tyutin is hit by Shane Doan and loses puck.
18:37 of 2nd period - Niclas Wallin is hit by Niklas Kronwall and loses puck.
18:42 of 2nd period - Slapshot by Mike Leclerc.
18:42 of 2nd period - Shot Hit the Post.
18:46 of 2nd period - Wrist shot by Mike Leclerc.
18:46 of 2nd period - Shot Misses the Net.
19:37 of 2nd period - Snap shot by Jozef Stumpel.
19:37 of 2nd period - Stopped by Ilya Bryzgalov with a rebound.
19:57 of 2nd period - Tuomo Ruutu is hit by R.J. Umberger and loses puck.

3rd period


0:01 of 3rd period - Chris Drury wins face-off versus Jason Allison in neutral zone.
0:08 of 3rd period - Snap shot by R.J. Umberger.
0:08 of 3rd period - Shot Blocked by Shane Doan.
0:26 of 3rd period - Bryce Salvador is hit by Brian Rolston and loses puck.
0:55 of 3rd period - Wrist shot by Kyle Wellwood.
0:55 of 3rd period - Stopped by Martin Brodeur with a rebound.
0:57 of 3rd period - Wrist shot by Jussi Jokinen.
0:57 of 3rd period - Stopped by Martin Brodeur with a rebound.
0:59 of 3rd period - Wrist shot by Kyle Wellwood.
0:59 of 3rd period - Stopped by Martin Brodeur with a rebound.
1:01 of 3rd period - Wrist shot by Kyle Wellwood.
1:01 of 3rd period - Shot Misses the Net.
2:10 of 3rd period - Vaclav Prospal is hit by Nikolai Zherdev and loses puck.
2:17 of 3rd period - Snap shot by Jozef Stumpel.
2:17 of 3rd period - Deflect By Vaclav Prospal.
2:17 of 3rd period - Stopped by Ilya Bryzgalov without a rebound.
2:18 of 3rd period - Rod Brind'Amour wins face-off versus Jason Allison in Jets zone.
2:33 of 3rd period - Wrist shot by Chris Higgins.
2:33 of 3rd period - Stopped by Ilya Bryzgalov without a rebound.
2:34 of 3rd period - Jason Arnott wins face-off versus Chris Drury in Jets zone.
2:40 of 3rd period - Slapshot by Alexander Perezhogin.
2:40 of 3rd period - Stopped by Ilya Bryzgalov without a rebound.
2:41 of 3rd period - Jason Arnott wins face-off versus Chris Drury in Jets zone.
2:43 of 3rd period - Jason Arnott beats up Nathan Dempsey.
2:43 of 3rd period - Penalty to Jason Arnott for Fighting.
2:43 of 3rd period - Penalty to Nathan Dempsey for Fighting.
2:44 of 3rd period - Jason Allison wins face-off versus Chris Drury in neutral zone.
2:59 of 3rd period - Wrist shot by Jason Allison.
2:59 of 3rd period - Stopped by Martin Brodeur without a rebound.
3:00 of 3rd period - Jussi Jokinen wins face-off versus Vaclav Prospal in Wild zone.
3:01 of 3rd period - Wrist shot by Keith Tkachuk.
3:01 of 3rd period - Shot Blocked by Jozef Stumpel.
3:03 of 3rd period - Slapshot by Bryce Salvador.
3:03 of 3rd period - Stopped by Martin Brodeur without a rebound.
3:04 of 3rd period - Jussi Jokinen wins face-off versus Anson Carter in Wild zone.
3:12 of 3rd period - Off-side.
3:13 of 3rd period - Chris Drury wins face-off versus Jason Allison in neutral zone.
3:38 of 3rd period - Jussi Jokinen is hit by Bret Hedican and loses puck.
3:47 of 3rd period - Snap shot by Adam Burish.
3:47 of 3rd period - Shot Blocked by Anson Carter.
3:49 of 3rd period - Snap shot by Jussi Jokinen.
3:49 of 3rd period - Shot Misses the Net.
4:03 of 3rd period - Chris Higgins is hit by David Vyborny and loses puck.
4:20 of 3rd period - Snap shot by Kyle Wellwood.
4:20 of 3rd period - Stopped by Martin Brodeur without a rebound.
4:21 of 3rd period - Nikolai Zherdev wins face-off versus Chris Drury in Wild zone.
4:30 of 3rd period - Jussi Jokinen is hit by Niclas Wallin.
5:14 of 3rd period - Wrist shot by R.J. Umberger.
5:14 of 3rd period - Stopped by Ilya Bryzgalov with a rebound.
5:36 of 3rd period - Backhand shot by Alexander Perezhogin.
5:36 of 3rd period - Stopped by Ilya Bryzgalov with a rebound.
5:38 of 3rd period - Slapshot by Danil Markov.
5:38 of 3rd period - Stopped by Ilya Bryzgalov without a rebound.
5:39 of 3rd period - Vaclav Prospal wins face-off versus Jussi Jokinen in Jets zone.
5:39 of 3rd period - Vaclav Prospal is hit by Dmitri Kalinin.
5:52 of 3rd period - Minor Penalty to Keith Tkachuk for Holding.
5:53 of 3rd period - Vaclav Prospal wins face-off versus Adam Burish in Jets zone.
5:54 of 3rd period - Wrist shot by Adam Deadmarsh.
5:54 of 3rd period - Stopped by Ilya Bryzgalov without a rebound.
5:55 of 3rd period - Vaclav Prospal wins face-off versus Adam Burish in Jets zone.
6:42 of 3rd period - Slapshot by Benoit Pouliot.
6:42 of 3rd period - Shot Misses the Net.
7:36 of 3rd period - Slapshot by Fedor Tyutin.
7:36 of 3rd period - Shot Blocked by Colin White.
7:38 of 3rd period - Wrist shot by Jozef Stumpel.
7:38 of 3rd period - Deflect By Mike Ricci.
7:38 of 3rd period - Shot Misses the Net.
7:38 of 3rd period - Puck is out of play.
7:39 of 3rd period - Kyle Wellwood wins face-off versus Mike Ricci in Jets zone.
7:43 of 3rd period - Penalty to Jason Arnott is over, Jason Arnott is back on ice.
8:26 of 3rd period - Wrist shot by Jason Arnott.
8:26 of 3rd period - Goal by Jason Arnott - Wild : 0 - Jets : 4.
8:27 of 3rd period - Jason Allison wins face-off versus Alexander Perezhogin in neutral zone.
8:30 of 3rd period - Slapshot by Colin White.
8:30 of 3rd period - Shot Blocked by Nathan Dempsey.
8:33 of 3rd period - Icing by R.J. Umberger.
8:34 of 3rd period - Chris Drury wins face-off versus Jason Allison in Wild zone.
8:36 of 3rd period - Pavel Kubina beats up Nathan Dempsey.
8:36 of 3rd period - Penalty to Pavel Kubina for Fighting.
8:36 of 3rd period - Penalty to Nathan Dempsey for Fighting.
8:37 of 3rd period - Chris Drury wins face-off versus Jason Allison in Wild zone.
8:54 of 3rd period - Alexander Perezhogin is hit by Benoit Pouliot.
9:16 of 3rd period - Icing by Anson Carter.
9:17 of 3rd period - Anson Carter wins face-off versus Jason Arnott in Wild zone.
9:24 of 3rd period - Slapshot by Bret Hedican.
9:24 of 3rd period - Stopped by Ilya Bryzgalov without a rebound.
9:25 of 3rd period - Jason Arnott wins face-off versus Chris Drury in Jets zone.
9:30 of 3rd period - Wrist shot by Jason Arnott.
9:30 of 3rd period - Stopped by Martin Brodeur without a rebound.
9:31 of 3rd period - Chris Drury wins face-off versus Jason Allison in Wild zone.
9:35 of 3rd period - Niclas Wallin beats up Shane Doan.
9:35 of 3rd period - Penalty to Shane Doan for Fighting.
9:35 of 3rd period - Penalty to Niclas Wallin for Fighting.
9:36 of 3rd period - Chris Drury wins face-off versus Jason Allison in Jets zone.
9:40 of 3rd period - Double Minor Penalty to Alexander Perezhogin for High sticking.
9:41 of 3rd period - Jason Allison wins face-off versus Rod Brind'Amour in Wild zone.
10:53 of 3rd period - Benoit Pouliot is hit by Chris Drury and loses puck.
13:36 of 3rd period - Penalty to Nathan Dempsey is over, Nathan Dempsey is back on ice.
14:05 of 3rd period - Mike Leclerc is hit by Anson Carter and loses puck.
14:18 of 3rd period - Fredrik Modin is hit by Dmitri Kalinin and loses puck.
15:08 of 3rd period - Bryce Salvador is hit by Rod Brind'Amour and loses puck.
15:15 of 3rd period - Chris Higgins is hit by Pavel Kubina and loses puck.
15:39 of 3rd period - Fedor Tyutin is hit by Dmitri Kalinin and loses puck.
17:14 of 3rd period - David Vyborny is hit by Niclas Wallin and loses puck.
18:27 of 3rd period - Shane Doan is hit by Danil Markov and loses puck.
18:31 of 3rd period - Minor Penalty to Jason Allison for Hooking.
18:32 of 3rd period - Jason Arnott wins face-off versus Chris Drury in Jets zone.
18:49 of 3rd period - Chris Drury is hit by Jason Arnott and loses puck.
19:27 of 3rd period - Niclas Wallin is hit by Bryce Salvador and loses puck.
19:43 of 3rd period - Colin White is hit by Niclas Wallin and loses puck.
19:57 of 3rd period - Slapshot by Jozef Stumpel.
19:57 of 3rd period - Shot Misses the Net.
19:59 of 3rd period - Wrist shot by Alexander Perezhogin.
19:59 of 3rd period - Stopped by Ilya Bryzgalov without a rebound.


Output by the SimonT Hockey Simulator (STHS) for François Prévost -- Original Page W3C XHTML 1.0 Valid
Hockey Simulator - Hockey Simulation - Hockey Manager